cohdb
Replays
Latest Replays
All Replays
Popular Replays
Top Player Replays
Match Explorer
How It Works
Community
CoH3 Stats
Reddit
Sign in to upload your games and track your stats! →
Sign in with Steam
Match 47088188
Unlisted
Match 47088188
Overview
Messages
Build Orders
End
Selects Armored Battlegroup
Selects Veteran Crews
Engineer Squad
Mechanized Support Center
Construct Barracks
M1 Mortar Team
1⁄4-ton 4x4 Truck
Mortar Pit
Selects Fast Deploy
Construct Motor Pool
Riflemen Squad
Grenade Package
.30 cal Machine Gun
Selects Field Repairs
.30 cal Machine Gun
.30 cal Machine Gun
M8 Greyhound Armored Car
M16 Multiple Gun Motor Carriage
M1 Anti-tank Gun Team
.30 cal Machine Gun
.30 cal Machine Gun
M1 Anti-tank Gun Team
M8 Greyhound Armored Car
M1 Anti-tank Gun Team
Construct Tank Depot
Selects War Machine
Mortar Pit
Riflemen Squad
M4(105) Sherman Bulldozer
M8 Greyhound Armored Car
Selects Seek and Destroy
M4A1 Sherman Medium Tank
M18 Hellcat Tank Destroyer
Selects UNKNOWN (2160077)
M18 Hellcat Tank Destroyer
M1 Anti-tank Gun Team
Mortar Pit
|dR| AgethePoet
314800301
rhdogs
Arlo
Speedbird
++++Fritz++++
Strategenman
Murena1984
0
0
Comments
sign in to comment!
No comments posted yet!